 Dungeon Crawl Stone Soup version 0.32-a0-928-g1cae6b7ea0 (webtiles) character file.

Game seed: 10736970229216957253

10849 maldita the Destroyer (level 11, -1/74 HPs)
             Began as a Demigod Conjurer on Apr 12, 2024.
             Slain by Snorg (18 damage)
             ... on level 10 of the Dungeon.
             The game lasted 00:43:09 (13534 turns).

maldita the Destroyer (Demigod Conjurer)           Turns: 13534, Time: 00:43:10

Health: -1/74      AC: 11    Str:  8    XL:     11   Next: 18%
Magic:  19/29      EV: 11    Int: 32    God:
Gold:   592        SH:  0    Dex: 12    Spells: 7/29 levels left

rFire   . . .        N - staff of conjuration
rCold   . . .        (no shield)
rNeg    . . .        w - +1 robe "Buhoom" {Fly}
rPois   .            M - +0 helmet
rElec   .            p - +0 cloak
rCorr   .            y - +0 pair of gloves
SInv    +            s - +0 pair of boots
Will    +....        j - amulet of regeneration
Stlth   ++           a - +4 ring of protection
HPRegen 1.12/turn    L - ring of see invisible
MPRegen 0.21/turn

%: no passive effects
@: flying
A: high MP 1, forlorn, divine attributes
a: no special abilities


You were on level 10 of the Dungeon.
You visited 2 branches of the dungeon, and saw 11 of its levels.
You also visited: Sewer.

You collected 592 gold pieces.

Inventory:

Hand Weapons
 C - a +4 dagger
Missiles
 I - a throwing net
Armour
 p - a +0 cloak (worn)
 s - a +0 pair of boots (worn)
 w - the +1 robe "Buhoom" (worn) {Fly}
   (You found it on level 4 of the Dungeon)

   Fly:       It grants you flight.
 y - a +0 pair of gloves (worn)
 M - a +0 helmet (worn)
Magical Staves
 N - a staff of conjuration (weapon)
Jewellery
 a - a +4 ring of protection (left hand)
 f - an amulet of the acrobat
 j - an amulet of regeneration (around neck)
 D - a ring of protection from cold
 K - a ring of fire
 L - a ring of see invisible (right hand)
Wands
 B - a wand of warping (11)
 E - a wand of flame (15)
Scrolls
 c - a scroll of silence {unknown}
 d - 3 scrolls of enchant armour
 g - 2 scrolls of fear {unknown}
 h - 7 scrolls of teleportation
 m - 2 scrolls of revelation
 n - 4 scrolls of noise
 r - a scroll of acquirement {unknown}
 t - a scroll of identify
 u - a scroll of blinking
 v - 2 scrolls of poison {unknown}
 F - a scroll of summoning {unknown}
 J - a scroll of torment {unknown}
 Q - a scroll of fog {unknown}
Potions
 b - a potion of magic
 e - 3 potions of attraction
 i - a potion of ambrosia
 k - 3 potions of lignification
 l - 2 potions of mutation
 o - 3 potions of heal wounds
 q - 2 potions of enlightenment
 x - 3 potions of brilliance
 z - a potion of resistance {unknown}
 G - 2 potions of curing {unknown}
 P - a potion of might {unknown}
Miscellaneous
 A - a phantom mirror


   Skills:
 - Level 2.0 Dodging
 - Level 2.0 Stealth
 + Level 9.8 Spellcasting
 + Level 10.4 Conjurations
 * Level 6.3 Necromancy
 - Level 5.0 Translocations
 - Level 2.0 Alchemy


You had 7 spell levels left.
You knew the following spells:

 Your Spells              Type           Power      Damage    Failure   Level
a - Magic Dart            Conj           100%       1d8       1%          1
b - Searing Ray           Conj           100%       2d8       1%          2
c - Iskenderun's Mystic   Conj/Tloc      78%        2d16      (+2d81%     4
d - Fulminant Prism       Conj/Alch      35%        3d18      2%          4
e - Iskenderun's Battles  Conj           90%        2d14      1%          5
f - Animate Dead          Necr           54%        N/A       2%          4
g - Blink                 Tloc           94%        N/A       1%          2

Your spell library contained the following spells:

 Spells                   Type           Power      Damage    Failure   Level
 Lesser Beckoning         Tloc           94%        N/A       1%          2
 Momentum Strike          Conj/Tloc      100%       3d10      1%          2
 Fugue of the Fallen      Necr           54%        N/A       1%          3
 Brom's Barrelling Bould  Conj/Erth      65%        2d8       3%          4
 Ensorcelled Hibernation  Hex/Ice        30%        N/A       4%          2
 Ozocubu's Armour         Ice            15%        N/A       10%         3
 Passwall                 Erth           15%        N/A       10%         3
 Swiftness                Air            15%        N/A       10%         3
 Fireball                 Conj/Fire      32%        3d14      10%         5
 Olgreb's Toxic Radiance  Alch           28%        N/A       14%         4
 Borgnjor's Vile Clutch   Necr/Erth      18%        N/A       24%         5
 Death Channel            Necr           27%        N/A       34%         6
 Orb of Destruction       Conj           45%        9d12      34%         7
 Alistair's Intoxication  Alch           18%        N/A       36%         5
 Conjure Ball Lightning   Conj/Air       32%        3x3d10    50%         6
 Eringya's Noxious Bog    Alch           14%        4d6       91%         6
 Manifold Assault         Tloc           23%        N/A       98%         7
 Ozocubu's Refrigeration  Ice            7%         4d9       100%        7
 Discord                  Hex            7%         N/A       100%        8


Dungeon Overview and Level Annotations

Branches:
Dungeon (10/15)            Temple (1/1) D:6           Sewer (visited)
   Lair: D:8-11         Orc: D:9-12

Shops:
D:4 =*[:   D:5 :[   D:9 *

Annotations:
D:9 2 transporters, osoart's ghost, journeyman FoFi
D:10 2 transporters, Snorg; olddryhag's ghost, journeyman DsWn


Innate Abilities, Weirdness & Mutations

You have an increased reservoir of magic. (+10% MP)
You shall have no god before yourself.
Your divine heritage dramatically boosts your attributes as you level up.


Message History

You finish channelling your searing ray.
Snorg bites you! Snorg claws you but does no damage. x2
You swap places.
Your yak zombie gores Snorg!
Snorg bites your yak zombie. Snorg claws your yak zombie.
Snorg claws your yak zombie!
You swap places.
Snorg bites your yak zombie!! Snorg claws your yak zombie! x2
Casting: Searing Ray (safe; 1% risk of failure)
Confirm with . or Enter, or press ? or * to list all spells.
You feel a surge of power!
You conjure a globe of magical energy.
Your yak zombie barely misses Snorg.
Snorg bites your yak zombie!!
Your yak zombie is destroyed!
Snorg bites your yak zombie!! Snorg claws your yak zombie! x2
Snorg goes berserk!
Your yak zombie gores Snorg.
Snorg bites your yak zombie!!
Your yak zombie is destroyed!
Your yak zombie gores Snorg!
Snorg bites your yak zombie! Snorg claws your yak zombie! x2
You swap places.
Your yak zombie gores Snorg!
Casting: Iskenderun's Battlesphere (dangerous; 1% risk of failure)
Confirm with . or Enter, or press ? or * to list all spells.
Aiming: Searing Ray (safe; 1% risk of failure)
Press: ? - help, Shift-Dir - straight line, f/p - Snorg
Aim: Snorg (heavily wounded, berserk, not watching you, ally target, 83% to hit)
You feel a surge of power!
The searing ray hits Snorg!
Snorg is heavily wounded. (Press . to maintain the ray.)
Your battlesphere fires!
The barrage of energy hits Snorg!!
Snorg is severely wounded.
Snorg completely misses you. Snorg barely misses you.
Snorg claws you but does no damage.
Your yak zombie closely misses Snorg.
Snorg bites you! Snorg claws you but does no damage. Snorg barely misses you.
The searing ray hits Snorg!
Snorg is severely wounded.
Your battlesphere fires!
The barrage of energy hits Snorg!
Snorg is almost dead.
Snorg bites you!
* * * LOW HITPOINT WARNING * * *
Snorg claws you!!
You die...

....##...# #..#
#..S#...#♣y
...###...# #..#
###S#...#♣y .###
#...# #..#
##NN#...#♣§ .#
#...# #..#
#.NN#._.#y§ .#
#...# #..#
##..#...#♣≈ .#
#..# #.≈#...#♣~ .#
#..# ##.##...#♣.
.# #..#
#≈..#...#X♣ .#
#@T######.N#...#♣x
.#
#*Z....#≈#N#...#♣♣
##
########≈.##...#♣
#####...###
##..... ######


You could see Snorg (berserk, ally target), a friendly battlesphere and a
friendly yak zombie.

Vanquished Creatures
  2 two-headed ogres
  Pikel (D:7)
  A gargoyle (D:10)
  Jeremiah (D:7)
  Maggie (D:8)
  A kobold demonologist (D:10)
  2 komodo dragons (D:10)
  2 trolls
  Prince Ribbit (D:7)
  2 hornets
  A wyvern (D:7)
  2 steam dragons (D:8)
  9 yaks
  A water moccasin (D:8)
  An orc warrior (D:9)
  2 ice beasts
  A black bear (D:6)
  A centaur (D:8)
  A lemure (D:7)
  7 bullfrogs
  A kobold brigand (D:8)
  3 scorpions
  A gnoll sergeant (D:8)
  25 wights
  10 killer bees
  A bombardier beetle (D:5)
  3 howler monkeys
  A jelly (D:5)
  6 orc priests
  3 hounds
  9 iguanas
  4 sleepcaps
  8 orc wizards
  8 gnolls
  5 adders
  A river rat (D:3)
  3 white imps
  11 dart slugs
  4 ribbon worms
  27 orcs
  13 ball pythons
  7 endoplasms
  14 giant cockroaches
  9 goblins
  7 hobgoblins
  2 jackals (D:3)
  15 kobolds
  2 quokkas
  7 bats (D:1)
  14 frilled lizards
  4 rats
268 creatures vanquished.

Vanquished Creatures (collateral kills)
  3 yaks (D:10)
  An orc warrior (D:10)
  2 orcs (D:10)
6 creatures vanquished.

Vanquished Creatures (others)
  A two-headed ogre zombie (D:10)
  2 yak zombies (D:10)
  An orc zombie (D:10)
4 creatures vanquished.

Grand Total: 278 creatures vanquished

Notes
Turn   | Place    | Note
-------+----------+-------------------------------------------
     0 | D:1      | maldita the Demigod Conjurer began the quest for the Orb.
     0 | D:1      | Reached XP level 1. HP: 14/14 MP: 5/5
   202 | D:1      | Reached XP level 2. HP: 20/20 MP: 2/7
   345 | D:1      | Reached skill level 4 in Conjurations
   745 | D:1      | Learned a level 2 spell: Searing Ray
   777 | D:1      | Reached XP level 3. HP: 26/26 MP: 5/8
  2458 | D:2      | Reached XP level 4. HP: 33/33 MP: 6/10
  3012 | D:3      | Found a glowing drain.
  3024 | Sewer    | Entered a sewer
  3125 | Sewer    | Reached skill level 5 in Conjurations
  3550 | Sewer    | Reached XP level 5. HP: 38/38 MP: 6/12
  4103 | D:4      | Identified the +1 robe "Buhoom" {Fly}
  4276 | D:4      | Found Meadef's Assorted Antiques.
  4300 | D:4      | Reached XP level 6. HP: 45/45 MP: 2/14
  4441 | D:4      | Reached skill level 6 in Conjurations
  4521 | D:4      | Found Zatyu's Antique Armour Shoppe.
  4628 | D:4      | Found Tudul's Book Emporium.
  4954 | D:4      | Learned a level 4 spell: Iskenderun's Mystic Blast
  5139 | D:4      | Found Qiggehen's Jewellery Shoppe.
  5505 | D:5      | Entered Level 5 of the Dungeon
  5620 | D:5      | Reached XP level 7. HP: 44/50 MP: 13/16
  5654 | D:5      | Found Caorufa's Book Emporium.
  5787 | D:5      | Reached skill level 7 in Conjurations
  5787 | D:5      | Reached skill level 1 in Translocations
  6481 | D:5      | Found Vywkah's Armour Shoppe.
  6847 | D:6      | Reached skill level 5 in Spellcasting
  6978 | D:6      | Reached XP level 8. HP: 57/57 MP: 6/19
  7840 | D:6      | Found a staircase to the Ecumenical Temple.
  7847 | Temple   | Entered the Ecumenical Temple
  8256 | D:6      | Reached skill level 8 in Conjurations
  8340 | D:6      | Reached skill level 5 in Translocations
  8539 | D:7      | Noticed Prince Ribbit
  8551 | D:7      | Killed Prince Ribbit
  8552 | D:7      | Reached XP level 9. HP: 62/62 MP: 5/22
  8817 | D:7      | Noticed Jeremiah
  8878 | D:7      | Killed Jeremiah
  8879 | D:7      | Reached skill level 9 in Conjurations
  8888 | D:7      | Noticed Pikel
  8989 | D:7      | Killed Pikel
  9226 | D:6      | Learned a level 4 spell: Fulminant Prism
  9837 | D:8      | Noticed Maggie
  9953 | D:8      | Killed Maggie
 10405 | D:8      | Reached skill level 10 in Conjurations
 10405 | D:8      | Reached XP level 10. HP: 40/69 MP: 13/26
 10672 | D:8      | Reached skill level 1 in Necromancy
 10675 | D:8      | Reached skill level 1 in Alchemy
 11635 | D:9      | Found Innim's General Store.
 11763 | D:9      | Noticed a two-headed ogre
 11835 | D:9      | Killed a two-headed ogre
 12162 | D:9      | Found a transporter.
 12162 | D:9      | Noticed osoart's ghost (journeyman FoFi)
 12180 | D:9      | Noticed a moth of wrath
 12187 | D:9      | Found a transporter.
 12312 | D:9      | Learned a level 4 spell: Animate Dead
 12362 | D:9      | Learned a level 5 spell: Iskenderun's Battlesphere
 12365 | D:9      | Learned a level 2 spell: Blink
 12578 | D:10     | Entered Level 10 of the Dungeon
 12630 | D:10     | Paralysed by a hornet for 3 turns
 12816 | D:10     | Saw a vision of the Swamp and the Snake Pit.
 12816 | D:10     | Noticed an anaconda
 12816 | D:10     | Noticed a black mamba
 12816 | D:10     | Noticed a mana viper
 12816 | D:10     | Noticed a mana viper
 12816 | D:10     | Noticed a shock serpent
 12816 | D:10     | Noticed an anaconda
 12816 | D:10     | Noticed a naga mage
 12816 | D:10     | Noticed a naga ritualist
 12817 | D:10     | Noticed a salamander
 12817 | D:10     | Noticed a spriggan berserker
 12818 | D:10     | Noticed a bunyip
 12818 | D:10     | Noticed a goliath frog
 12818 | D:10     | Noticed a spriggan rider
 12819 | D:10     | Noticed a tentacled monstrosity
 12846 | D:10     | Reached skill level 5 in Necromancy
 12996 | D:10     | Reached XP level 11. HP: 65/74 MP: 3/29
 13147 | D:10     | Noticed a two-headed ogre
 13157 | D:10     | Killed a two-headed ogre
 13314 | D:10     | Noticed a two-headed ogre
 13316 | D:10     | Noticed a two-headed ogre
 13318 | D:10     | Noticed olddryhag's ghost (journeyman DsWn)
 13327 | D:10     | Noticed a tengu warrior
 13479 | D:10     | Found a transporter.
 13482 | D:10     | Found a transporter.
 13519 | D:10     | Noticed Snorg
 13534 | D:10     | Slain by Snorg

Illustrated notes

Levels and vault maps discovered:
D:1:      spicycebolla_arrival_risky_transporter, layout_loops_cross,
          st_stairs_3
D:2:      layout_loops_corners, basic_altar,
          shapermc_ecumenical_altar_totnotflames, grunt_ministairs_15,
          roderic_serpentine_path, hangedman_decor_diamond_cutter
D:3:      layout_loops_ring, grunt_dithmenos_smoke_and_mirrors,
          portal_sewer_entry_a
D:4:      minmay_octagon_keep, layout_loops_ring,
          nicolae_overflow_macrodata_refinement, serial_shops,
          nicolae_shop_tiny_real_fake_doors, nicolae_shop_dealshenge, shop, shop
D:5:      layout_basic, serial_shops, nicolae_diamond_shop,
          nicolae_shop_tiny_real_fake_doors
D:6:      layout_gridville, minmay_temple_entry_proselytizer
D:7:      layout_loops_ring, uniq_prince_ribbit1, uniq_pikel, uniq_jeremiah
D:8:      cheibrodos_elevator_heist, layout_loops_corners,
          chequers_temple_overflow_statue_of_worship, columned_hall_lemuel,
          nrook_campfire, uniq_maggie
D:9:      layout_basic, serial_shops, nicolae_take_the_stairs,
          gammafunk_ghost_berserking_beasts
D:10:     layout_long_grid, grunt_ashenzari_visionary
          [grunt_ashenzari_visionary_swamp, grunt_ashenzari_visionary_snake],
          grunt_lair_entry_orc_guard_hut, gammafunk_ghost_wrathful_warriors,
          nicolae_fountain_basement, uniq_snorg
Temple:   dshaligram_water_room_temple

Skill      XL: |  1  2  3  4  5  6  7  8  9 10 11 |
---------------+----------------------------------+-----
Dodging        | 2 |  2.0
Stealth        | 2 |  2.0
Spellcasting   | 2 3 4 5 6 8 9 |  9.8
Conjurations   | 4 5 6 7 8 10 | 10.4
Translocations | 3 5 |  5.0
Necromancy     | 5 6 |  6.3
Alchemy        | 2 |  2.0

Action                     |  1- 3 |  4- 6 |  7- 9 | 10-12 || total
---------------------------+-------+-------+-------+-------++-------
  Melee: Dagger            |     7 |     6 |     4 |       ||    17
         Staff             |       |       |       |    18 ||    18
   Cast: Magic Dart        |    68 |   113 |    74 |    23 ||   278
         Searing Ray       |    15 |    23 |    56 |    37 ||   131
         Iskenderun's Myst |       |       |    26 |    28 ||    54
         Blink             |       |       |       |     2 ||     2
         Animate Dead      |       |       |       |     2 ||     2
         Iskenderun's Batt |       |       |       |     2 ||     2
    Use: Scroll            |     1 |     3 |     4 |     4 ||    12
 Armour: Robe              |     4 |    33 |    75 |   132 ||   244
  Dodge: Dodged            |    21 |    27 |    50 |    57 ||   155

Table legend: (Time is in decaauts)
 A = Elapsed time spent in this place.
 B = Non-inter-level travel time spent in this place.
 C = Inter-level travel time spent in this place.
 D = Time resting spent in this place.
 E = Time spent auto-exploring this place.
 F = Levels seen in this place.
 G = Mean time per level.
                   A        B        C        D        E       F      G
               +--------+--------+--------+--------+--------+-----+--------+
         Total |  13579 |  13194 |    385 |   1683 |   9340 |  12 | 1131.6 |
       Dungeon |  12801 |  12424 |    377 |   1683 |   8743 |  10 | 1280.1 |
        Temple |     48 |     40 |      8 |      0 |      0 |   1 |   48.0 |
         Sewer |    729 |    729 |      0 |      0 |    597 |   1 |  729.0 |
               +--------+--------+--------+--------+--------+-----+--------+

Top non-repeatable levels by time:
     D:6: 2157 daAuts
     D:2: 1597 daAuts
     D:8: 1519 daAuts
     D:4: 1407 daAuts
     D:7: 1193 daAuts
     D:5: 1118 daAuts
     D:9: 1083 daAuts
     D:1: 1056 daAuts
    D:10: 916 daAuts
     D:3: 750 daAuts
   Sewer: 729 daAuts
  Temple: 48 daAuts
